 Dungeon Crawl Stone Soup version 0.20-a0-266-gdedccd6 (webtiles) character file.

10374 AlphabetPasta the Geomancer (level 11, -4/79 HPs)
             Began as a Merfolk Earth Elementalist on Dec 5, 2016.
             Was a Follower of Ashenzari.
             Shot with a bolt by a yaktaur captain (16 damage)
             ... on level 9 of the Dungeon.
             The game lasted 01:36:08 (19499 turns).

AlphabetPasta the Geomancer (MfEE)                 Turns: 19499, Time: 01:36:09

Health: -4/79      AC: 12    Str:  8    XL:     11   Next: 61%
Magic:  8/22       EV: 12    Int: 18    God:    Ashenzari [*.....]
Gold:   510        SH:  3    Dex: 15    Spells: 11/25 levels left

rFire  + . .     SeeInvis .     a - +3 spear (venom)
rCold  . . .     Gourm    .     u - +3 leather armour {rF+}
rNeg   . . .     Faith    .     (no shield)
rPois  .         Spirit   .     (no helmet)
rElec  .         Reflect  +     B - +0 cloak
rCorr  .         Harm     .     r - +2 pair of gloves
MR     .....                    f - +1 pair of boots
Stlth  +.........               l - +3 amulet of reflection
                                (no ring)
                                (no ring)

@: about to teleport, heavily drained
A: change form in water, swift swim, stealthy swim
a: Curse Item, Scrying, Renounce Religion


You were on level 9 of the Dungeon.
You worshipped Ashenzari.
Ashenzari was aware of your devotion.
You were hungry.

You visited 2 branches of the dungeon, and saw 11 of its levels.

You collected 569 gold pieces.
You spent 59 gold pieces at shops.

Inventory:

Hand Weapons
 a - a +3 spear of venom (weapon)
 e - a +0 dagger of venom
Missiles
 b - 38 stones (quivered)
Armour
 c - a +0 robe
 f - a +1 pair of boots (worn)
 r - a +2 pair of gloves (worn)
 u - a +3 leather armour of fire resistance (worn)
 y - a +2 leather armour of cold resistance
 B - a +0 cloak (worn)
Jewellery
 l - a +3 amulet of reflection (around neck)
Wands
 s - a wand of flame (1/48)
 w - a wand of paralysis (0/24)
 x - a wand of lightning (0/15)
 G - a wand of random effects (18/48)
Scrolls
 j - 2 scrolls of enchant armour
 m - a scroll of identify
 o - a scroll of blinking
 t - a scroll of fear
 z - a scroll of amnesia
 A - 2 scrolls of teleportation
 D - a scroll of recharging
 E - 5 scrolls of remove curse
Potions
 g - 2 potions of resistance
 h - 3 potions of might
 i - 6 potions of brilliance
 k - a potion of curing
 p - a potion of lignification
 q - 2 potions of flight
 v - a potion of cancellation
 C - 2 potions of heal wounds
 F - a potion of magic
Books
 I - a book of Geomancy

   Spells                             Type                      Level
   a - Sandblast                      Earth                        1
   b - Passwall                       Transmutation/Earth          2
   c - Stone Arrow                    Conjuration/Earth            3
   d - Petrify                        Transmutation/Earth          4
   e - Lee's Rapid Deconstruction     Earth                        5
Comestibles
 d - 6 bread rations
 n - a meat ration
 H - 6 slices of pizza
 J - 3 fruits


   Skills:
 - Level 5.0(2.6) Fighting
 - Level 1.0(0.0) Armour
 - Level 5.2(2.8) Dodging
 - Level 2.1(0.0) Stealth
 + Level 4.2(1.9) Unarmed Combat
 + Level 7.9(5.4) Spellcasting
 + Level 9.8(7.2) Transmutations
 * Level 10.3(7.6) Earth Magic
 - Level 1.4(0.0) Evocations


You had 11 spell levels left.
You knew the following spells:

 Your Spells              Type           Power        Failure   Level  Hunger
a - Sandblast             Erth           ####..       1%          1    None
b - Passwall              Tmut/Erth      ####......   1%          2    #......
c - Stone Arrow           Conj/Erth      ###...       14%         3    ##.....
d - Petrify               Tmut/Erth      ####....     12%         4    ####...
e - Blink                 Tloc           N/A          34%         2    #......
f - Repel Missiles        Chrm/Air       #.....       34%         2    #......


Dungeon Overview and Level Annotations

Branches:
Dungeon (10/15)            Temple (1/1) D:5             Orc (0/2) D:9
   Lair: D:8-11

Altars:
Ashenzari
Cheibriados
Dithmenos
Elyvilon
Fedhas
Gozag
Hepliaklqana
Kikubaaqudgha
Makhleb
Nemelex Xobeh
Okawaru
Qazlal
Ru
Sif Muna
Trog
Uskayaw
Vehumet
Xom
Yredelemnul
Zin
The Shining One

Shops:
D:6 [*==}

Annotations:
D:6 Ryco's ghost, novice DEFE
D:9 Ryco's ghost, novice DEFE


Message History

You reach to attack!
You hit the hill giant.
The hill giant is poisoned.
The hill giant is moderately wounded.
The hill giant hits you with a giant club!!
* * * LOW HITPOINT WARNING * * *
The hill giant seems less drained. 2 yaktaurs and a yaktaur captain come into view.
As you read the scroll of teleportation, it crumbles to dust.
You feel strangely unstable.
The yaktaur shouts! x2
The yaktaur wields an arbalest.
The yaktaur shoots a bolt.
The bolt hits you!
* * * LOW HITPOINT WARNING * * *
You feel much better.
The hill giant hits you with a giant club!
* * * LOW HITPOINT WARNING * * *
The yaktaur wields an arbalest.
The yaktaur shoots a bolt.
The bolt is repelled.
You feel less protected from missiles.
The bolt hits the hill giant!
The yaktaur captain wields an arbalest.
The yaktaur captain shoots a bolt.
The bolt hits you!
You die...

......# #.# ...†..# #############
......# #.#.#.#.#_#.# ......#
#'#'#'#'#'#'#### ......#
#............'..
......############'#'#'#'#'#'###.
.................#.#.#.#.#.#.##8.
..........c......###############.
.........cc.....@C.............##
#########..##################..#
#..# #..# #..# #..# #..# #..#
#..# #.>#
#..##################..#
#########..§.§§§§..............##
............§§§§§§...............


You could see a yaktaur captain, a hill giant and 2 yaktaurs.

Vanquished Creatures
  Maurice (D:9)
  A two-headed ogre (D:8)
  4 hippogriffs
  A wyvern (D:8)
  Eustachio (D:4)
  A human (D:9)
  4 hogs (D:9)
  8 yaks (D:9)
  Grum (D:8)
  2 hungry ghosts (D:7)
  A sky beast (D:8)
  7 orc warriors
  An ice beast (D:7)
  2 necrophages
  3 ogres
  2 wolves
  9 phantoms
  4 centaurs
  2 big kobolds
  A wyvern zombie (D:9)
  6 bullfrogs
  6 scorpions
  10 killer bees
  A wight (D:9)
  5 howler monkeys
  7 crimson imps
  4 bullfrog zombies (D:5)
  A quasit (D:7)
  2 centaur skeletons
  A gnoll shaman (D:8)
  2 bullfrog skeletons
  5 hounds
  2 jellies
  6 human zombies (D:9)
  6 orc priests
  Crazy Yiuf (D:6)
  Jessica (D:2)
  A human skeleton (D:9)
  2 iguanas (D:8)
  6 worker ants
  16 orc wizards
  2 killer bee zombies
  An ogre zombie (D:9)
  5 hound zombies
  4 hound skeletons
  2 mummies (D:9)
  4 worker ant zombies
  2 howler monkey skeletons
  18 adders
  10 gnolls
  6 shadow imps
  2 oozes
  2 adder skeletons (D:9)
  4 adder zombies
  2 worms
  4 dart slugs
  4 leopard geckos
  50 orcs
  6 giant cockroaches
  6 goblins
  11 hobgoblins
  6 jackals
  6 quokkas
  A ball python skeleton (D:4)
  7 bats
  6 frilled lizards
  A giant cockroach zombie (D:5)
  A jackal zombie (D:5)
  17 kobolds
  A leopard gecko skeleton (D:7)
  A leopard gecko zombie (D:5)
  5 rats
344 creatures vanquished.

Vanquished Creatures (others)
  2 orcs (D:10)
  A plant (D:3)
3 creatures vanquished.

Grand Total: 347 creatures vanquished

Notes
Turn   | Place    | Note
-------+----------+-------------------------------------------
     0 | D:1      | AlphabetPasta the Merfolk Earth Elementalist began the quest for the Orb.
     0 | D:1      | Reached XP level 1. HP: 13/13 MP: 3/3
   549 | D:1      | Reached XP level 2. HP: 17/19 MP: 0/5
   553 | D:1      | Learned a level 2 spell: Passwall
   963 | D:2      | Reached skill level 3 in Earth Magic
   963 | D:2      | Reached XP level 3. HP: 24/24 MP: 3/6
  1224 | D:2      | Noticed Jessica
  1233 | D:2      | Killed Jessica
  1238 | D:2      | Reached XP level 4. HP: 27/30 MP: 0/8
  1637 | D:2      | Found a sparkling altar of Nemelex Xobeh.
  1980 | D:2      | Learned a level 3 spell: Stone Arrow
  2146 | D:2      | Reached XP level 5. HP: 32/35 MP: 4/9
  2223 | D:3      | Reached skill level 4 in Earth Magic
  3050 | D:3      | Reached XP level 6. HP: 34/41 MP: 2/11
  4159 | D:4      | Noticed a phantom
  4178 | D:4      | Killed a phantom
  4178 | D:4      | Reached skill level 1 in Unarmed Combat
  4291 | D:4      | Noticed Eustachio
  4382 | D:4      | Killed Eustachio
  4382 | D:4      | Reached skill level 1 in Fighting
  4382 | D:4      | Reached skill level 5 in Earth Magic
  4382 | D:4      | Reached XP level 7. HP: 47/48 MP: 0/13
  4483 | D:4      | Found a white marble altar of Elyvilon.
  4803 | D:4      | Found a deep blue altar of Sif Muna.
  5295 | D:5      | Entered Level 5 of the Dungeon
  5648 | D:5      | Found a staircase to the Ecumenical Temple.
  5655 | Temple   | Entered the Ecumenical Temple
  5876 | Temple   | Became a worshipper of Ashenzari the Shackled
  5988 | D:5      | Reached XP level 8. HP: 49/54 MP: 7/14
  6457 | D:5      | Reached skill level 6 in Earth Magic
  6679 | D:5      | Reached skill level 5 in Transmutations
  6840 | D:5      | Reached skill level 5 in Spellcasting
  6896 | D:5      | Reached skill level 1 in Armour
  7610 | D:6      | Reached XP level 9. HP: 50/62 MP: 13/16
  7740 | D:6      | Found Mon Tet's Jewellery Shop.
  7874 | D:6      | Learned a level 3 spell: Stone Arrow
  7879 | D:6      | Learned a level 4 spell: Petrify
  7892 | D:6      | Found Jiaxomp's Gadget Boutique.
  7914 | D:6      | Reached skill level 7 in Earth Magic
  8143 | D:6      | Found a runed door.
  8147 | D:6      | Noticed Crazy Yiuf
  8149 | D:6      | Killed Crazy Yiuf
  8407 | D:6      | Found Kappik's Antique Armour Boutique.
  8437 | D:6      | Found Kiesk's Jewellery Emporium.
  8439 | D:6      | Noticed Ryco's ghost (novice DEFE)
  9240 | D:6      | Found Ceumomn's Assorted Antiques.
  9244 | D:6      | Bought 2 brown potions for 59 gold pieces
  9577 | D:6      | Found an ancient bone altar of Kikubaaqudgha.
  9589 | D:6      | Found a glowing silver altar of Zin.
  9593 | D:6      | Found a hide-covered altar of Uskayaw.
  9964 | D:6      | Found an opulent altar of Gozag.
  9966 | D:6      | Found a radiant altar of Vehumet.
 10566 | D:7      | Reached * piety under Ashenzari
 10676 | D:7      | Reached skill level 8 in Earth Magic
 10969 | D:6      | Reached XP level 10. HP: 50/73 MP: 6/19
 12101 | D:8      | Reached skill level 5 in Fighting
 12309 | D:8      | Found an iron altar of Okawaru.
 12578 | D:8      | Learned a level 2 spell: Blink
 12581 | D:8      | Learned a level 2 spell: Repel Missiles
 13176 | D:8      | Reached skill level 9 in Earth Magic
 14015 | D:8      | Noticed Grum
 14560 | D:9      | Found a shadowy altar of Dithmenos.
 14863 | D:9      | Reached XP level 11. HP: 69/79 MP: 15/21
 15017 | D:9      | Noticed Ryco's ghost (novice DEFE)
 15235 | D:9      | Found a staircase to the Orcish Mines.
 15237 | D:9      | Noticed Maurice
 15508 | D:9      | Found a hazy altar of Hepliaklqana.
 16038 | D:8      | Killed Grum
 17236 | D:9      | Found a basalt altar of Yredelemnul.
 17547 | D:9      | Reached skill level 5 in Dodging
 17663 | D:9      | Reached skill level 10 in Earth Magic
 18275 | D:9      | Killed Maurice
 18275 | D:9      | Reached skill level 1 in Evocations
 18755 | D:10     | Entered Level 10 of the Dungeon
 19390 | D:10     | Noticed a hill giant
 19498 | D:9      | Noticed a yaktaur captain
 19499 | D:9      | Shot with a bolt by a yaktaur captain

Vault maps used:
D:1:      mrwooster_arrival_statue, minmay_misc_feat_enclosed, minivault_26
D:2:      nicolae_overflow_crystal_walls, minmay_misc_feat_alley,
          minmay_small_reverse_x, uniq_jessica
D:3:      serial_bayou, serial_bayou_shore_b, serial_bayou_pond_c,
          serial_bayou_pond_d, serial_bayou_pond_b
D:4:      tgw_sif, elyvilon_altar_5, uniq_eustachio
D:5:      first_bread, serial_undead, serial_undead_b, serial_undead_e,
          serial_undead_f, serial_undead_b, serial_undead_d, serial_undead_d
D:6:      grunt_temple_overflow_open, minitemple, basic_altar, serial_shops,
          shop, shop, shop_fountains, nicolae_shop_waterfront, shop,
          uniq_crazy_yiuf_cottage
D:8:      lemuel_crystal_altar, uniq_grum
D:9:      lemuel_coloured_pillars_altar, lemuel_mausoleum_altar_yredelemnul,
          grunt_dithmenos_smoke_and_mirrors, orc_0_dummy, grunt_livestock,
          uniq_maurice
Temple:   dpeg_chambers_temple

Skill      XL: |  1  2  3  4  5  6  7  8  9 10 11 |
---------------+----------------------------------+-----
Earth Magic    | 3 4 5 6 8 9 10 | 10.3
Spellcasting   | 3 4 5 6 7 |  7.9
Transmutations | 2 3 5 7 9 |  9.8
Unarmed Combat | 1 2 3 4 |  4.2
Fighting       | 1 2 4 5 |  5.0
Armour         | 1 |  1.0
Dodging        | 3 4 5 |  5.2
Evocations     | 1 |  1.4
Stealth        | |  2.1

Action                   |  1- 3 |  4- 6 |  7- 9 | 10-12 || total
-------------------------+-------+-------+-------+-------++-------
Melee: Unarmed           |     8 |    11 |       |     7 ||    26
       Spear             |       |     9 |   125 |   176 ||   310
       Punch             |       |       |     1 |       ||     1
       Dagger            |       |       |       |    70 ||    70
 Cast: Sandblast         |    44 |   172 |   313 |   400 ||   929
       Stone Arrow       |       |     4 |    63 |   113 ||   180
       Petrify           |       |       |       |     9 ||     9
       Repel Missiles    |       |       |       |     2 ||     2
       Blink             |       |       |       |     2 ||     2
Evoke: Wand              |       |       |     2 |    17 ||    19
  Use: Scroll            |     3 |     7 |     8 |    12 ||    30
       Potion            |       |       |     3 |     1 ||     4
 Stab: Sleeping          |       |       |     4 |     4 ||     8
       Distracted        |       |       |     1 |     3 ||     4
       Paralysed         |       |       |     8 |       ||     8
       Petrified         |       |       |       |    22 ||    22
       Petrifying        |       |       |       |     1 ||     1
  Eat: Chunk             |     1 |     9 |    17 |    19 ||    46
       Beef jerky        |       |     1 |     1 |     2 ||     4
       Pizza             |       |       |     2 |     2 ||     4
       Meat ration       |       |       |     1 |     1 ||     2
       Royal jelly       |       |       |       |     1 ||     1
Armor: Robe              |    13 |    32 |    61 |       ||   106
       Leather armour    |       |       |    32 |   203 ||   235
Dodge: Dodged            |    14 |    76 |   214 |   338 ||   642
       Deflected         |       |       |       |     7 ||     7
Block: Other             |       |     6 |    47 |    65 ||   118
       Reflection        |       |       |     1 |     6 ||     7
